 Dungeon Crawl Stone Soup version 0.32-a0-292-g751ec8d2e7 (webtiles) character file.

Game seed: 3099396092682041397

1507207 EnegeticOcto the Shapeless Mountain Dwarf (level 27, 319/319 HPs)
             Began as a Mountain Dwarf Hunter on Feb 14, 2024.
             Was the Champion of Ru.
             Escaped with the Orb
             ... and 3 runes on Feb 15, 2024!
             The game lasted 02:40:30 (96990 turns).

EnegeticOcto the Shapeless Mountain Dwarf (MDHu)   Turns: 96990, Time: 02:40:31

Health: 319/319    AC: 38    Str: 25    XL:     27
Magic:  23/23      EV: 15    Int: 10    God:    Ru [******]
Gold:   1955       SH: 30    Dex: 18    Spells: 19/26 levels left

rFire   + +          .
                       - Unarmed
rCold   + . .        c - +10 tower shield of Ignorance {rN+ Int-4}
rNeg    + + +        O - melded +5 moon troll leather armour {Spirit, Regen++ MP+5}
rPois   ∞            g - +0 mask of the Dragon {Will+ Slay+3 SInv}
rElec   +            z - scarf {rC+ rF+}
rCorr   .            K - melded +0 pair of gloves
SInv    +            C - melded +2 pair of boots {rampage}
Will    ++++.        S - amulet of regeneration
Stlth   +            W - ring of Norchafey {rN+ Will+ Str+3 Stlth+}
HPRegen 2.33/turn    r - ring "Yfewytz" {rPois EV+5 Dex+3}
MPRegen 0.18/turn

%: clarity
@: mighty, statue-form, very slow
A: slow and powerful, torment resistance 1, boosted hp, inability to drink after
injury 2, cowardly, inability to train dodging, inability to train armour,
unskilled 1, runic magic, artefact enchanting, clarity, fire resistance 1,
regeneration 1, screaming 2, (shaggy fur 1), no potion heal 1, sturdy frame 1
0: Orb of Zot
}: 3/15 runes: serpentine, barnacled, silver
a: Begin Untransformation, Renounce Religion, Draw Out Power, Power Leap,
Apocalypse


You escaped.
You worshipped Ru.
Ru was exalted by your worship.
You were a living statue of rough stone.
You visited 13 branches of the dungeon, and saw 53 of its levels.
You visited 1 ziggurat, and saw 7 of its levels.
You also visited: Trove, Gauntlet, Ice Cave and Wizlab.

You collected 6827 gold pieces.
You spent 4872 gold pieces at shops.

Inventory:

Hand Weapons
 d - a +9 dagger of distortion
   (You took it off an orc on level 3 of the Dungeon)
Missiles
 M - 8 throwing nets {!f}
 Q - 19 curare-tipped darts (quivered)
Armour
 c - the +10 tower shield of Ignorance (worn) {rN+ Int-4}
   (You found it in a treasure trove)

   Int-4:     It affects your intelligence (-4).
   rN+:       It protects you from negative energy.
 g - the +0 mask of the Dragon (worn) {Will+ Slay+3 SInv}
   (You found it in a treasure trove)

   Slay+3:    It affects your accuracy & damage with ranged weapons and melee
   (+3).
   Will+:     It increases your willpower.
   SInv:      It lets you see invisible.
 n - the +0 hat of the True Pharaoh {Regen+ Int+2}
   (You found it in a treasure trove)

   Int+2:     It affects your intelligence (+2).
   Regen+:    It increases your rate of health regeneration.
 z - a scarf of resistance (worn)
   (You bought it in a shop on level 3 of the Elven Halls)
 C - a +2 pair of boots of rampaging (melded)
   (You found it in a wizard's laboratory)
 J - the +4 kite shield of Snakes and Ladders {rF+}
   (You took it off an orc on level 9 of the Dungeon)

   rF+:       It protects you from fire.
 K - a +0 pair of gloves (melded)
   (You found it on level 10 of the Dungeon)
 O - the +5 moon troll leather armour (melded) {Spirit, Regen++ MP+5}
   (You took it off a moon troll in a wizard's laboratory)

   MP+5:      It affects your magic capacity (+5).
   Regen++:   It increases your rate of health regeneration.
Jewellery
 q - the ring of Dilejut {Fly rF+++ rN+ Will- Dex+8}
   (You found it in a treasure trove)

   [ring of flight]

   Dex+8:     It affects your dexterity (+8).
   rF+++:     It renders you almost immune to fire.
   rN+:       It protects you from negative energy.
   Will-:     It decreases your willpower.
   Fly:       It grants you flight.
 r - the ring "Yfewytz" (right fist) {rPois EV+5 Dex+3}
   (You found it on level 1 of the Lair of Beasts)

   [ring of evasion]

   EV+5:      It affects your evasion (+5).
   Dex+3:     It affects your dexterity (+3).
   rPois:     It protects you from poison
 B - the amulet "Amoral" {Spirit rF+ Int+2}
   (You found it in a treasure trove)

   [amulet of guardian spirit]

   Spirit:    It causes incoming damage to be divided between your reserves of
   health and magic.
   Int+2:     It affects your intelligence (+2).
   rF+:       It protects you from fire.
 S - an amulet of regeneration (around neck)
   (You found it on level 10 of the Dungeon)
 W - the ring of Norchafey (left fist) {rN+ Will+ Str+3 Stlth+}
   (You found it on level 1 of the Shoals)

   [ring of willpower]

   Str+3:     It affects your strength (+3).
   rN+:       It protects you from negative energy.
   Will+:     It increases your willpower.
   Stlth+:    It makes you more stealthy.
Wands
 k - a wand of charming (50)
   (You found it on level 9 of the Dungeon)
 x - a wand of acid (28) {@v1}
   (You found it on level 3 of the Elven Halls)
 E - a wand of roots (24) {@v2}
   (You found it on level 7 of the Dungeon)
 F - a wand of polymorph (13)
   (You took it off a deep elf pyromancer on level 3 of the Elven Halls)
 N - a wand of mindburst (18)
   (You found it on level 3 of the Elven Halls)
 U - a wand of digging (6) {@v3}
   (You found it on level 12 of the Dungeon)
Scrolls
 f - 2 scrolls of torment
 l - 29 scrolls of teleportation {@r3 !r}
 s - 3 scrolls of fog {!r}
 u - 5 scrolls of blinking {@r4}
 v - 13 scrolls of vulnerability
 H - 9 scrolls of revelation {@r5 !r}
 I - a scroll of silence {!r}
 L - 10 scrolls of poison {!r}
 R - 7 scrolls of fear {!r}
 V - 7 scrolls of immolation
 X - 8 scrolls of butterflies {!r}
Potions
 e - 6 potions of enlightenment
 h - 10 potions of lignification {@q6}
 i - 9 potions of might {@q3 !q}
 j - 8 potions of heal wounds {@q2 !q}
 m - 10 potions of mutation
 o - 21 potions of curing {@q1 !q}
 p - 8 potions of attraction
 t - 3 potions of haste {@q4 !q}
 w - 7 potions of magic
 A - 2 potions of invisibility
 G - 5 potions of ambrosia
 P - 8 potions of resistance
 Y - 7 potions of cancellation
 Z - 2 potions of berserk rage
Miscellaneous
 a - a phantom mirror (inert)
   (You found it on level 5 of the Vaults)
 b - a phial of floods
   (You found it on level 5 of the Vaults)
 y - the horn of Geryon (inert)
   (You took it off Geryon in the Vestibule of Hell)
 D - a lightning rod (4/4)
   (You found it on level 4 of the Vaults)
 T - a sack of spiders (inert)
   (You found it on level 4 of the Shoals)


   Skills:
 + Level 20.3 Fighting
 - Level 10.7 Short Blades
 - Level 4.0 Ranged Weapons
 - Level 2.6 Stealth
 - Level 15.0 Shields
 - Level 23.0 Unarmed Combat
 - Level 10.0 Evocations
 O Level 27 Shapeshifting


You had 19 spell levels left.
You knew the following spells:

 Your Spells              Type           Power      Damage    Failure   Level
a - Apportation           Tloc           0%         N/A       65%         1
b - Manifold Assault      Tloc           0%         N/A       100%        4
Y - Blink                 Tloc           0%         N/A       80%         2

Your spell library contained the following spells:

 Spells                   Type           Power      Damage    Failure   Level
 Magic Dart               Conj           0%         1d3       65%         1
 Sandblast                Erth           0%         2d4       65%         1
 Shock                    Conj/Air       0%         1d3       65%         1
 Slow                     Hex            0%         N/A       65%         1
 Sting                    Conj/Alch      0%         1d3       65%         1
 Cigotuvi's Dreadful Rot  Necr/Alch/Air  0%         N/A       80%         2
 Ensorcelled Hibernation  Hex/Ice        0%         N/A       80%         2
 Jinxbite                 Hex            0%         N/A       80%         2
 Lesser Beckoning         Tloc           0%         N/A       80%         2
 Mercury Vapours          Alch/Air       0%         N/A       80%         2
 Momentum Strike          Conj/Tloc      0%         3d8       80%         2
 Scorch                   Fire           0%         2d5       80%         2
 Searing Ray              Conj           0%         2d4       80%         2
 Call Canine Familiar     Summ           0%         N/A       95%         3
 Confusing Touch          Hex            0%         N/A       95%         3
 Frozen Ramparts          Ice            0%         1d1       95%         3
 Fugue of the Fallen      Necr           0%         N/A       95%         3
 Gell's Gravitas          Tloc           0%         N/A       95%         3
 Hailstorm                Conj/Ice       0%         3d5       95%         3
 Ozocubu's Armour         Ice            0%         N/A       95%         3
 Passwall                 Erth           0%         N/A       95%         3
 Sigil of Binding         Hex            0%         N/A       95%         3
 Stone Arrow              Conj/Erth      0%         3d7       95%         3
 Summon Ice Beast         Ice/Summ       0%         N/A       95%         3
 Swiftness                Air            0%         N/A       95%         3
 Tukima's Dance           Hex            0%         N/A       95%         3
 Vampiric Draining        Necr           0%         2d6       95%         3
 Airstrike                Air            0%         2d(0-16)  100%        4
 Anguish                  Hex/Necr       0%         N/A       100%        4
 Animate Armour           Summ/Erth      0%         N/A       100%        4
 Animate Dead             Necr           0%         N/A       100%        4
 Brom's Barrelling Bould  Conj/Erth      0%         2d3       100%        4
 Cause Fear               Hex            0%         N/A       100%        4
 Dimensional Bullseye     Hex/Tloc       0%         N/A       100%        4
 Dispel Undead            Necr           0%         3d6       100%        4
 Flame Wave               Conj/Fire      0%         2d4       100%        4
 Fulminant Prism          Conj/Alch      0%         3d5       100%        4
 Ignite Poison            Fire/Alch      0%         N/A       100%        4
 Iskenderun's Mystic Bla  Conj/Tloc      0%         2d3       100%        4
 Leda's Liquefaction      Alch/Erth      0%         N/A       100%        4
 Martyr's Knell           Necr/Summ      0%         N/A       100%        4
 Olgreb's Toxic Radiance  Alch           0%         N/A       100%        4
 Petrify                  Alch/Erth      0%         N/A       100%        4
 Sticky Flame             Fire/Alch      0%         2d4       100%        4
 Summon Blazeheart Golem  Fire/Summ      0%         N/A       100%        4
 Summon Lightning Spire   Summ/Air       0%         N/A       100%        4
 Alistair's Intoxication  Alch           0%         N/A       100%        5
 Borgnjor's Vile Clutch   Necr/Erth      0%         N/A       100%        5
 Fireball                 Conj/Fire      0%         3d3       100%        5
 Freezing Cloud           Conj/Ice/Air   0%         6-21      100%        5
 Irradiate                Conj/Alch      0%         3d11      100%        5
 Iskenderun's Battlesphe  Conj           0%         2d6       100%        5
 Lee's Rapid Deconstruct  Erth           0%         3d4*      100%        5
 Metabolic Englaciation   Hex/Ice        0%         N/A       100%        5
 Summon Forest            Summ/Tloc      0%         N/A       100%        5
 Summon Mana Viper        Hex/Summ       0%         N/A       100%        5
 Bombard                  Conj/Erth      0%         9d1       100%        6
 Conjure Ball Lightning   Conj/Air       0%         3x3d6     100%        6
 Death Channel            Necr           0%         N/A       100%        6
 Eringya's Noxious Bog    Alch           0%         4d6       100%        6
 Sculpt Simulacrum        Ice/Alch       0%         N/A       100%        6
 Summon Cactus Giant      Summ           0%         N/A       100%        6
 Enfeeble                 Hex            0%         N/A       100%        7
 Monstrous Menagerie      Summ           0%         N/A       100%        7
 Orb of Destruction       Conj           0%         9d5       100%        7
 Ozocubu's Refrigeration  Ice            0%         4d7       100%        7
 Spellforged Servitor     Conj/Summ      0%         N/A       100%        7
 Summon Hydra             Summ           0%         N/A       100%        7
 Discord                  Hex            0%         N/A       100%        8
 Disjunction              Tloc           0%         N/A       100%        8
 Ignition                 Fire           0%         3d3       100%        8
 Infestation              Necr           0%         N/A       100%        8
 Lehudib's Crystal Spear  Conj/Erth      0%         10d2      100%        8
 Chain Lightning          Conj/Air       0%         N/A       100%        9
 Sublimation of Blood     Necr           Unusable   N/A       N/A         2

Dungeon Overview and Level Annotations

Branches:
Dungeon (15/15)            Temple (1/1) D:6            Lair (5/5) D:11
 Shoals (4/4) Lair:2        Snake (4/4) Lair:3        Slime (0/5) Lair:5
    Orc (2/2) D:9             Elf (3/3) Orc:2        Vaults (5/5) D:13
  Crypt (3/3) Vaults:2       Tomb (1/3) Crypt:3      Depths (4/4) D:15
   Hell (visited)             Dis (0/7) Hell            Geh (0/7) Hell
    Tar (0/7) Hell            Zot (5/5) Depths:4      IceCv (visited)
 WizLab (visited)         Gauntlet (visited)
    Coc: Hell:1

Altars:
Ashenzari
Cheibriados
Dithmenos
Elyvilon
Fedhas
Gozag
Hepliaklqana
Kikubaaqudgha
Makhleb
Nemelex Xobeh
Okawaru
Qazlal
Ru
Sif Muna
Trog
Uskayaw
Vehumet
Wu Jian
Xom
Yredelemnul
Zin
The Shining One
Beogh
Jiyva

Shops:
D:4 :   D:6 *[   D:7 ?   Orc:2 ?[(?   Elf:3 *:[   Shoals:1 :[   Snake:4 ?(!
Vaults:4 (   Zot:4 *   Depths:1 [   Depths:2 =::*

Portals:
Hell: Depths:1 Depths:2 Depths:3 Depths:4
Abyss: Depths:3
Pandemonium: Depths:2 Depths:3

Annotations:
Elf:2 5 runed translucent doors
Crypt:2 5 transporters
Depths:4 exclusions: draconian stormcaller and 3 more exclusions
Zot:2 3 runed translucent doors, exclusion: 3 doors, Ganeol's ghost, legendary MiBe; Kyph's ghost, legendary MiBe; Raoschyll's ghost, legendary FoHu; Xeywnuph's ghost, veteran DrRe
Abyss:1 Foiz Zao's ghost, journeyman DrMo; Natasha; Nessos


Innate Abilities, Weirdness & Mutations

You are a living statue of rough stone.
Your actions are slow, but your melee attacks are powerful.
You are resistant to unholy torment.
Your maximum health is greatly increased.
Your equipment is partially melded.
You are immune to poison.
You sometimes lose the ability to drink potions when taking damage.
Your cowardice makes you less effective in combat with threatening foes.
You cannot train Dodging skill.
You cannot train Armour skill.
You are somewhat unskilled. (-1 Apt)
Your spellcasting is much less encumbered by armour.
You can use scrolls of enchantment on lesser artefacts.
You possess an exceptional clarity of mind.
Your flesh is heat resistant. (rF+)
Your natural rate of healing is unusually fast.
You frequently scream uncontrollably at your foes.
((You are covered in fur. (AC +1)))
Potions are less effective at restoring your health.
Your movements are slightly less encumbered by armour. (ER -2)


Message History

The daeva blocks your attack.
The daeva is moderately wounded.
The daeva calls down the wrath of the Shining One upon you.
The Shining One smites you! The daeva blocks your attack.
The daeva is moderately wounded.
The daeva is stunned by your conviction and fails to attack.
You scream at the soul eater!
A sun demon and a soul eater come into view.
The daeva blocks your attack.
The daeva is moderately wounded.
The sun demon shouts!
You block the daeva's attack.
The daeva hits you with a +5 scimitar of holy wrath.
You barely miss the daeva.
The daeva is moderately wounded.
You block the daeva's attack. x2
You pulverise the daeva!!!
The daeva is severely wounded.
The daeva blocks your attack.
The daeva is severely wounded.
Nufuvvaqisk comes into view.
The daeva hits you but does no damage.
The daeva hits you with a +5 scimitar of holy wrath.
You feel a twist of horror at the sight of this foe.
Press: ? - help, v - describe, . - travel
Here: Nufuvvaqisk The floor.
Really quaff
t - 4 potions of haste {@q4 !q}?
You feel yourself speed up.
Nufuvvaqisk gestures.
The daeva hits you but does no damage. You block the daeva's attack.
You pulverise the sun demon!!!!
You kill the sun demon!
The daeva is no longer moving slowly.
You block the daeva's attack. x2; You block the soul eater's attack.
Really quaff
i - 10 potions of might {@q3 !q}?
You feel very mighty all of a sudden.
You block the daeva's attack. x2; You block the soul eater's attack.
Aiming: Phantom Mirror
Press: ? - help, Dir - move target, f - Nufuvvaqisk
Aim: Nufuvvaqisk (haloed)
You reflect Nufuvvaqisk with the mirror!
The mirror clouds!
You block the daeva's attack. x2
Nufuvvaqisk hits the soul eater but does no damage.
You block Nufuvvaqisk's attack. You block the soul eater's attack.
Aiming: Fastroot
Press: ? - help, Shift-Dir - straight line, f/p - Nufuvvaqisk
Aim: Nufuvvaqisk (haloed)
The roots erupt in riotous growth!
Roots grab Nufuvvaqisk.
Nufuvvaqisk is unaffected.
Roots grab the daeva.
Roots grab the soul eater.
The grasping roots constrict the daeva.
The grasping roots constrict Nufuvvaqisk.
The grasping roots constrict the soul eater!
You redirect Nufuvvaqisk's attack!
You block Nufuvvaqisk's attack.
Nufuvvaqisk hits the soul eater!!
The daeva calls down the wrath of the Shining One upon you.
The Shining One smites you! You block the soul eater's attack.
You block Nufuvvaqisk's attack.
Nufuvvaqisk conjures a glowing orb.
The wavering orb of destruction weakly hits the soul eater!!
You pulverise Nufuvvaqisk!!!!
Nufuvvaqisk is severely wounded.
The grasping roots constrict the daeva!
The grasping roots constrict Nufuvvaqisk.
The grasping roots constrict the soul eater, but do no damage.
You block the daeva's attack.
The daeva hits you with a +5 scimitar of holy wrath!
The soul eater hits Nufuvvaqisk.
You pulverise Nufuvvaqisk!!!!
You kill Nufuvvaqisk!
The hellwing disappears in a puff of smoke!
The grasping roots constrict the daeva!
The grasping roots constrict the soul eater.
Nufuvvaqisk hits the soul eater.
The soul eater dies!
The daeva completely misses you. You block the daeva's attack.
You punch the daeva!
The daeva is almost dead.
The grasping roots constrict the daeva.
A soul eater comes into view.
The grasping roots constrict the daeva!
You kill the daeva!
A lorocyproca comes into view.
Something hits Nufuvvaqisk!
Nufuvvaqisk shimmers and vanishes!
Your extra speed is starting to run out.
Things that are here:
a +0 club; a goblin skeleton You feel yourself slow down.
There is a staircase leading out of the dungeon here.
You are a level 27 Mountain Dwarf Hunter.
I'm sorry, level 27 is as high as you can go.
With the way you've been playing, I'm surprised you got this far.
Play time: 02:40:29 (96989 turns).
You are forever immune to Zot's power.
The soul eater hits you but does no damage.
The soul eater barely misses you.
You have escaped!

#.#####..# #....32.....
#.######.####.##.#######
##########.##.......##.##.##
...........#..♣♣♣♣♣....##..#
###########.♣.♣♣♣♣♣.2..###.#
#>.♣♣♣.∩∩∩♣.♣♣.>##.#### #
#..♣♣∩.....∩♣♣..##....# #
##.♣♣∩..♣♣♣2.∩♣♣.#####†# #
#..♣♣∩...I3..∩♣♣.# #.# #
#..♣♣∩..♣♣♣..∩♣♣.# #.###
#...♣♣∩.....∩♣♣..# #...#
#.⌠.♣♣♣♣∩.∩♣♣♣♣.># ###.#
#....♣♣♣♣.♣♣♣♣.### #.#
##..#..♣♣.♣♣..## #.#
##.##.......## #..
#.########## ##. #.# #.


You could see a lorocyproca (invisible) and a soul eater.

Vanquished Creatures
  6 dread liches
  7 orbs of fire
  3 ancient liches
  Mennas (Vaults:2)
  A juggernaut (Depths:3)
  3 royal mummies (Tomb:1)
  Xtahua (Crypt:3)
  Vv (Depths:4)
  Parghit (Zot:3)
  Boris (Crypt:1)
  10 Killer Klowns (Zot:5)
  2 curse toes (Zot:4)
  5 caustic shrikes
  Geryon (Hell)
  6 golden dragons
  Jory (Vaults:3)
  2 doom hounds (Zot:3)
  4 Brimstone Fiends
  2 Tzitzimimeh
  12 tentacled monstrosities
  4 hellephants
  An iron giant (Zig:6)
  A moon troll (WizLab)
  A pandemonium lord (D:1)
  2 electric golems (Zot:5)
  Jorgrun (Snake:3)
  A Hell Sentinel (D:15)
  A walking crystal tome (Depths:3)
  6 titans (Vaults:5)
  5 liches
  29 Orb Guardians
  Grunn (Zot:3)
  5 quicksilver dragons
  A walking earthen tome (Depths:3)
  A deep elf blademaster (Elf:3)
  A walking frostbound tome (Depths:2)
  A deep elf master archer (Elf:3)
  An acid blob (Zig:5)
  10 sphinxes
  4 death cobs
  3 tentacled starspawn (WizLab)
  4 ancient champions
  Agnes (D:15)
  3 Executioners
  7 storm dragons
  17 shadow dragons
  10 tengu reavers
  Aizul (Snake:2)
  5 revenants
  Donald (Vaults:2)
  A daeva (D:1)
  5 draconian monks
  Roxanne (Elf:2)
  5 fire giants
  A rockslime (Zig:5)
  A demonspawn warmonger (D:15)
  2 protean progenitors
  7 frost giants
  5 draconian knights
  3 nagarajas (Snake:4)
  An azure jelly (Zig:5)
  6 draconian shifters
  9 deep elf sorcerers
  3 iron dragons
  A cacodemon (WizLab)
  An angel (D:13)
  Louise (D:14)
  7 draconian scorchers
  14 vault wardens
  12 reapers
  3 balrugs
  3 deep elf elementalists (Elf:3)
  3 ghost moths
  3 curse skulls
  2 draconian stormcallers
  3 orc warlords
  A spriggan defender (Depths:3)
  2 broodmothers (Zot:3)
  17 ironbound preservers
  6 ironbound thunderhulks
  2 ghouls (Crypt:2)
  A quicksilver ooze (Zig:5)
  11 vampire knights
  A juggernaut skeleton (Crypt:2)
  3 formless jellyfish
  31 very ugly things
  7 draconian annihilators
  5 deep elf demonologists
  17 stone giants
  5 deep elf annihilators (Elf:3)
  A demonspawn black sun (D:15)
  A minotaur (Gauntlet)
  11 black draconians
  Azrael (D:12)
  10 deep elf death magi
  8 spark wasps
  3 lorocyprocas
  11 green draconians
  12 dire elephants
  14 red draconians
  11 white draconians
  13 yellow draconians
  10 war gargoyles
  An iron golem (Zig:6)
  11 purple draconians
  4 blizzard demons
  12 ettins
  2 crystal guardians
  4 merfolk javelineers (Shoals:4)
  10 eidola
  An elf zombie (Crypt:1)
  9 mummy priests
  6 jiangshi
  Josephine (Orc:1)
  12 yaktaur captains
  5 fire dragons
  10 merfolk impalers
  A fire dragon (shapeshifter) (Vaults:5)
  5 great orbs of eyes
  27 vault guards
  Erolcha (Orc:2)
  3 entropy weavers
  6 rakshasas
  4 spriggan zombies
  2 hydras
  5 deep elf high priests
  5 salamander tyrants
  9 ironbound frosthearts
  3 peacekeepers
  2 ogre magi
  4 spriggan air magi
  10 ice dragons
  A spriggan skeleton (Crypt:3)
  A kraken zombie (Hell)
  Erica (D:9)
  3 catoblepae
  16 centaur warriors
  6 merfolk aquamancers
  A boulder beetle (shapeshifter) (Depths:4)
  A quicksilver dragon skeleton (Crypt:3)
  A fenstrider witch skeleton (Crypt:2)
  14 dancing weapons
  2 death knights
  2 boulder beetles
  A two-headed ogre (shapeshifter) (Vaults:2)
  10 anacondas
  2 satyrs (Shoals:4)
  6 two-headed ogres
  A sphinx skeleton (D:15)
  9 death scarabs (Tomb:1)
  9 death yaks
  5 tengu warriors
  5 deep troll earth magi
  7 deep troll shamans
  A demonic crawler (D:6)
  13 hell hogs
  11 naga warriors
  4 occultists
  9 spriggan berserkers
  5 vampire magi
  5 shock serpents
  2 shock serpents (shapeshifter)
  20 soul eaters
  15 deep elf knights
  20 hell knights
  A skyshark (shapeshifter) (Vaults:5)
  6 iron trolls
  7 naga sharpshooters
  5 orc high priests
  21 sun demons
  4 skysharks
  3 wretched stars
  A crystal echidna (Zig:6)
  4 titan zombies
  A storm dragon skeleton (D:15)
  4 salamander mystics
  Amaemon (Lair:1)
  23 skeletal warriors
  A shining eye (shapeshifter) (Depths:3)
  3 titan skeletons
  6 glowing orange brains
  3 flayed ghosts
  A bunyip zombie (Crypt:3)
  A death drake (shapeshifter) (Vaults:1)
  3 arcanists
  5 mana vipers
  11 sea snakes
  2 anaconda zombies (Crypt:2)
  3 orange crystal statues
  A sun moth (Shoals:1)
  40 deep trolls
  19 phantasmal warriors
  3 shadow demons
  A bunyip skeleton (Tomb:1)
  13 deep elf archers
  13 orc knights
  17 ironbound convokers
  4 lindwurms
  4 obsidian statues
  6 naga ritualists
  An alligator zombie (Hell)
  An anaconda skeleton (Crypt:3)
  4 wolf spiders (Crypt:3)
  A harpy (shapeshifter) (Elf:1)
  21 harpies
  24 necromancers
  4 orc sorcerers
  3 starcursed masses (WizLab)
  19 deep elf pyromancers
  An iron dragon zombie (Crypt:3)
  2 shadow dragon zombies
  23 deep elf zephyrmancers
  3 fauns (Shoals:3)
  33 ugly things
  A draconian zombie (Crypt:3)
  2 frost giant zombies
  12 manticores
  Maurice (D:8)
  A cyclops (shapeshifter) (Vaults:5)
  An alligator skeleton (Hell)
  A shadow dragon skeleton (Crypt:3)
  24 moths of wrath
  A human zombie (Crypt:3)
  4 large abominations
  3 cyclopes
  4 kobold blastminers
  5 meliai (D:12)
  11 elephants
  14 salamanders
  15 naga magi
  2 iron dragon skeletons
  4 rust devils
  3 guardian serpents
  6 merfolk sirens
  A dire elephant zombie (Crypt:2)
  A water nymph (shapeshifter) (Vaults:5)
  30 black mambas
  5 ice statues
  5 centaur zombies
  8 cane toads
  A torpor snail (shapeshifter) (Vaults:5)
  22 vault sentinels
  5 smoke demons (Hell)
  7 water nymphs
  8 eyes of devastation (WizLab)
  A gargoyle (D:11)
  5 molten gargoyles
  3 orange demons
  A dire elephant skeleton (Crypt:3)
  A centaur skeleton (Crypt:3)
  A kobold demonologist (D:11)
  2 alligator snapping turtle skeletons
  4 rime drakes
  3 tengu conjurers
  11 komodo dragons
  3 ice devils
  A tormentor (D:15)
  41 yaktaurs
  A grey draconian skeleton (Crypt:1)
  2 unseen horror skeletons (Crypt:2)
  13 freezing wraiths
  A black draconian skeleton (Crypt:1)
  A red devil (Hell)
  13 hellwings (Crypt:3)
  21 merfolk
  5 trolls
  3 harpy zombies (Crypt:3)
  A sea snake skeleton (Hell)
  4 polar bears
  4 wind drakes
  8 guardian mummies
  An iron troll skeleton (Crypt:1)
  Grinder (D:4)
  A polar bear (shapeshifter) (Elf:1)
  4 hornets
  2 tyrant leeches (Zot:1)
  A harpy skeleton (Crypt:3)
  A merfolk (shapeshifter) (Depths:1)
  2 hydra skeletons
  A wolf spider simulacrum (Gauntlet)
  A fire dragon zombie (Crypt:1)
  3 dream sheep
  A glass eye (Depths:2)
  2 stone giant simulacra
  5 snapping turtles
  A culicivora (Vaults:1)
  4 shadows
  5 air elementals
  2 centaur simulacra
  18 slime creatures
  4 spriggans
  2 black mamba zombies
  10 ushabtiu
  21 water elementals
  2 jumping spiders (Crypt:3)
  4 wyverns
  34 yaks
  5 fire elementals
  A deep troll skeleton (Vaults:1)
  5 basilisks
  18 wraiths
  2 redbacks (Crypt:3)
  6 golden eyes (WizLab)
  5 wargs
  3 neqoxecs
  14 vampire mosquitoes
  43 nagas
  5 chaos spawn
  12 hell hounds
  2 naga zombies
  A tengu zombie (Depths:1)
  2 acid dragons
  17 water moccasins
  A glowing shapeshifter zombie (Vaults:1)
  A naga skeleton (Crypt:2)
  A human skeleton (Depths:1)
  2 sky beasts
  An ice beast (D:6)
  3 black bears
  43 orc warriors
  28 laughing skulls
  8 ogres
  4 boggarts (Vaults:2)
  12 wolves
  A tengu (shapeshifter) (Orc:2)
  12 centaurs
  A blink frog skeleton (Crypt:2)
  A torpor snail zombie (Crypt:2)
  A salamander zombie (Crypt:1)
  2 kobold brigands
  4 earth elementals
  A hog skeleton (Crypt:1)
  2 gnoll sergeants
  A glowing shapeshifter simulacrum (Depths:3)
  8 bullfrogs
  A cane toad simulacrum (IceCv)
  2 scorpions (D:6)
  2 necrophages (Crypt:2)
  7 wyvern skeletons (Crypt:3)
  A warg skeleton (Crypt:2)
  4 wights
  A hornet simulacrum (Gauntlet)
  20 killer bees
  8 howler monkeys
  2 bombardier beetles
  3 jellies
  A gnoll bouda (D:8)
  3 hounds
  11 orc priests
  An iguana (D:6)
  19 orc wizards
  Natasha (twice) (D:2)
  A wolf simulacrum (IceCv)
  An acid dragon zombie (Crypt:2)
  A boggart simulacrum (Gauntlet)
  17 mummies
  Robin (D:2)
  12 gnolls
  6 adders
  A white imp (D:7)
  3 ufetubi (D:6)
  An adder zombie (Crypt:2)
  4 dart slugs
  7 ribbon worms
  98 orcs
  7 endoplasms
  3 giant cockroaches
  13 hobgoblins
  2 jackals (D:3)
  2 quokkas
  9 ball pythons
  3 bats (D:1)
  A frilled lizard (D:2)
  17 goblins
  13 kobolds
  2 rats (D:1)
  A river rat skeleton (Crypt:1)
  3 starspawn tentacles (WizLab)
  2 tentacles
2375 creatures vanquished.

Vanquished Creatures (collateral kills)
  A pandemonium lord (D:13)
  A tentacled monstrosity (Vaults:5)
  A quicksilver dragon (Zot:5)
  A tentacled starspawn (WizLab)
  A draconian knight (Zot:4)
  A draconian monk (Zot:4)
  A draconian scorcher (Zot:5)
  3 very ugly things (WizLab)
  A soul eater (D:1)
  A chaos spawn (D:13)
  A gnoll (D:10)
13 creatures vanquished.

Vanquished Creatures (others)
  An Orb Guardian (Zot:5)
  A sphinx (Depths:4)
  A tentacled starspawn (WizLab)
  A death cob (Zot:5)
  A draconian knight (Zot:4)
  A deep elf sorcerer (Elf:3)
  An ironbound preserver (Vaults:2)
  2 stone giants (Depths:2)
  A draconian annihilator (Zot:3)
  A black draconian (Zot:5)
  A war gargoyle (Vaults:4)
  2 spark wasps (Depths:4)
  3 ettins
  A yaktaur captain (Vaults:1)
  2 vault guards
  A centaur warrior (Vaults:2)
  A dancing weapon (Elf:2)
  A boulder beetle (D:14)
  A naga warrior (Snake:3)
  A deep troll shaman (Depths:2)
  2 deep elf knights (Elf:2)
  A sun demon (Zot:5)
  3 deep trolls
  A skeletal warrior (D:15)
  4 deep elf pyromancers
  A wolf spider (Crypt:3)
  A harpy (Shoals:2)
  An ugly thing (D:14)
  4 moths of wrath
  A manticore (Lair:2)
  A vault sentinel (Vaults:3)
  A salamander (Snake:4)
  An eye of devastation (WizLab)
  2 yaktaurs
  A merfolk (Shoals:4)
  A harpy zombie (Hell)
  A hydra skeleton (Hell)
  2 slime creatures
  2 water elementals
  A wraith (Crypt:3)
  A warg (Vaults:5)
  A naga (Snake:1)
  3 orc warriors
  A gnoll sergeant (D:10)
  An orc (Vaults:5)
  17 starspawn tentacles (WizLab)
  17 tentacles
98 creatures vanquished.

Grand Total: 2486 creatures vanquished

Notes
Turn   | Place    | Note
-------+----------+-------------------------------------------
     0 | D:1      | EnegeticOcto the Mountain Dwarf Hunter began the quest for
                  | the Orb.
     0 | D:1      | Reached XP level 1. HP: 17/17 MP: 1/1
    14 | D:1      | Reached skill level 1 in Stealth
   122 | D:1      | Reached XP level 2. HP: 24/24 MP: 2/2
   191 | D:1      | Reached skill level 2 in Stealth
   340 | D:1      | Reached XP level 3. HP: 29/29 MP: 3/3
  1044 | D:2      | Reached XP level 4. HP: 36/36 MP: 4/4
  1117 | D:2      | Noticed Natasha
  1786 | D:2      | Noticed Robin
  1948 | D:2      | Reached skill level 4 in Ranged Weapons
  2425 | D:2      | Gained mutation: You expend magic power (3 MP) to
                  | strengthen your wands. [potion of mutation]
  2425 | D:2      | Gained mutation: You are strong-willed. (Will+) [potion of
                  | mutation]
  2425 | D:2      | Gained mutation: You have a pair of small horns on your
                  | head. [potion of mutation]
  2437 | D:2      | Reached skill level 3 in Stealth
  2438 | D:2      | Killed Robin
  2629 | D:3      | Reached XP level 5. HP: 41/41 MP: 5/5
  2748 | D:3      | Noticed an orc warrior
  3409 | D:3      | Killed an orc warrior
  3410 | D:3      | Reached skill level 3 in Fighting
  3410 | D:3      | Reached skill level 1 in Short Blades
  3410 | D:3      | Reached XP level 6. HP: 46/51 MP: 6/6
  3867 | D:4      | Noticed Grinder
  3908 | D:4      | Found Romy's Book Boutique.
  3932 | D:4      | Reached skill level 4 in Fighting
  3932 | D:4      | Reached skill level 2 in Short Blades
  4755 | D:4      | You fall into a shaft and drop 2 floors!
  4815 | D:6      | Found Miquv's Serpentskin Sales.
  4826 | D:6      | Bought 2 curare-tipped darts for 28 gold pieces
  4830 | D:6      | Noticed an ice beast
  4931 | D:6      | Reached skill level 5 in Fighting
  4931 | D:6      | Reached skill level 3 in Short Blades
  4931 | D:6      | Reached XP level 7. HP: 61/61 MP: 7/7
  4948 | D:5      | Entered Level 5 of the Dungeon
  5589 | D:5      | Reached skill level 6 in Fighting
  5589 | D:5      | Reached skill level 4 in Short Blades
  6056 | D:2      | Killed Natasha
  6355 | D:2      | Noticed Natasha
  6362 | D:2      | Killed Natasha
  6363 | D:2      | Reached XP level 8. HP: 66/71 MP: 8/8
  6671 | D:2      | Noticed Natasha
  6678 | D:2      | Banished Natasha
  7044 | D:4      | Killed Grinder
  7045 | D:4      | Reached skill level 7 in Fighting
  7691 | D:6      | Reached skill level 5 in Short Blades
  7765 | D:6      | Found Ohanocwo's Antique Armour Emporium.
  7841 | D:6      | Found a staircase to the Ecumenical Temple.
  7856 | Temple   | Entered the Ecumenical Temple
  7916 | Temple   | Became a worshipper of Ru the Awakened
  8135 | D:6      | Reached skill level 8 in Fighting
  8249 | D:6      | Bought a +1 chain mail of poison resistance for 162 gold
                  | pieces
  8259 | D:6      | Bought a scroll of poison for 48 gold pieces
  8259 | D:6      | Bought a scroll of poison for 48 gold pieces
  8611 | D:7      | Found Waaleg's Magic Scroll Boutique.
  8627 | D:7      | Bought a scroll of identify for 30 gold pieces
  8627 | D:7      | Bought a scroll of identify for 30 gold pieces
  8844 | D:7      | Reached skill level 1 in Armour
  8848 | D:7      | Reached XP level 9. HP: 73/82 MP: 9/9
  8876 | D:7      | Reached skill level 6 in Short Blades
  9142 | D:7      | Reached skill level 2 in Armour
  9357 | D:7      | Found a radiant altar of Vehumet.
  9382 | D:7      | Found a hazy altar of Hepliaklqana.
  9382 | D:7      | Found a burning altar of Makhleb.
  9382 | D:7      | Found a shadowy altar of Dithmenos.
  9388 | D:7      | Found an iron altar of Okawaru.
  9388 | D:7      | Found a sparkling altar of Nemelex Xobeh.
  9635 | D:8      | Noticed a two-headed ogre
  9651 | D:8      | Killed a two-headed ogre
  9652 | D:8      | Reached skill level 9 in Fighting
  9652 | D:8      | Reached skill level 4 in Armour
  9740 | D:8      | Noticed Maurice
  9783 | D:8      | Killed Maurice
  9784 | D:8      | Reached skill level 7 in Short Blades
  9891 | D:8      | Gained mutation: You cannot train Armour skill. [Ru
                  | sacrifice]
  9891 | D:8      | Reduced skill Armour to level 0
  9891 | D:8      | Reached * piety under Ru
 10072 | D:8      | Reached skill level 10 in Fighting
 10072 | D:8      | Reached skill level 1 in Shields
 10169 | D:8      | Reached skill level 2 in Shields
 10169 | D:8      | Reached XP level 10. HP: 92/93 MP: 10/10
 10196 | D:8      | Reached skill level 3 in Shields
 10406 | D:7      | Bought a scroll of enchant armour for 112 gold pieces
 11148 | D:9      | Reached skill level 1 in Evocations
 11199 | D:8      | Reached skill level 8 in Short Blades
 11199 | D:8      | Reached skill level 4 in Shields
 11227 | D:9      | Noticed Erica
 11234 | D:8      | Reached skill level 2 in Evocations
 12274 | D:9      | Identified the +1 kite shield of Snakes and Ladders {rF+}
 12368 | D:9      | Reached skill level 3 in Evocations
 12517 | D:9      | Found a staircase to the Orcish Mines.
 12664 | D:8      | Reached skill level 5 in Shields
 12932 | D:9      | Noticed Maggie
 12937 | D:8      | Reached skill level 4 in Evocations
 13100 | D:10     | Entered Level 10 of the Dungeon
 13304 | D:10     | Reached skill level 6 in Shields
 13321 | D:10     | Gained mutation: You cannot train Dodging skill. [Ru
                  | sacrifice]
 13321 | D:10     | Reduced skill Dodging to level 0
 13321 | D:10     | Reached ** piety under Ru
 13321 | D:10     | Reached *** piety under Ru
 13590 | D:10     | Identified the +1 helmet of the Shoals {Str+2 Int+3}
 13723 | D:10     | Lost mutation: You are strong-willed. (Will+) [potion of
                  | mutation]
 13723 | D:10     | Lost mutation: You expend magic power (3 MP) to strengthen
                  | your wands. [potion of mutation]
 13723 | D:10     | Lost mutation: You have a pair of small horns on your head.
                  | [potion of mutation]
 13723 | D:10     | Gained mutation: Your body sometimes deteriorates upon
                  | taking damage. [potion of mutation]
 13723 | D:10     | Gained mutation: Your mind is acute. (Int +4, Str/Dex -1)
                  | [potion of mutation]
 13724 | D:10     | Lost mutation: Your body sometimes deteriorates upon taking
                  | damage. [potion of mutation]
 13724 | D:10     | Lost mutation: Your mind is acute. (Int +4, Str/Dex -1)
                  | [potion of mutation]
 13724 | D:10     | Gained mutation: You sometimes lose your temper in combat.
                  | [potion of mutation]
 13725 | D:10     | Lost mutation: You sometimes lose your temper in combat.
                  | [potion of mutation]
 13725 | D:10     | Gained mutation: You are vulnerable to heat. (rF-) [potion
                  | of mutation]
 13726 | D:10     | Lost mutation: You are vulnerable to heat. (rF-) [potion of
                  | mutation]
 13726 | D:10     | Gained mutation: Armour fits poorly on your strangely
                  | shaped body. [potion of mutation]
 13726 | D:10     | Gained mutation: Your flesh is cold resistant. (rC+)
                  | [potion of mutation]
 13727 | D:10     | Lost mutation: Armour fits poorly on your strangely shaped
                  | body. [potion of mutation]
 13727 | D:10     | Lost mutation: Your flesh is cold resistant. (rC+) [potion
                  | of mutation]
 13727 | D:10     | Gained mutation: You are weak. (Str -2) [potion of
                  | mutation]
 13727 | D:10     | Gained mutation: You are clumsy. (Dex -2) [potion of
                  | mutation]
 13727 | D:10     | Gained mutation: Your mind is acute. (Int +4, Str/Dex -1)
                  | [potion of mutation]
 14068 | D:10     | Reached skill level 5 in Evocations
 14073 | D:10     | Reached XP level 11. HP: 97/99 MP: 11/11
 14160 | D:11     | Reached skill level 9 in Short Blades
 14223 | D:11     | Noticed a two-headed ogre
 14237 | D:11     | Killed a two-headed ogre
 14238 | D:11     | Reached skill level 7 in Shields
 14314 | D:11     | Found a hide-covered altar of Uskayaw.
 14452 | D:11     | Found a staircase to the Lair.
 14813 | D:11     | Reached skill level 8 in Shields
 15125 | D:9      | Killed Erica
 15183 | D:9      | Maggie changed into Maggie the jelly
 15183 | D:9      | Noticed Maggie
 15185 | D:9      | Killed Maggie the jelly
 15458 | Lair:1   | Entered Level 1 of the Lair of Beasts
 15566 | Lair:1   | Found a gate leading to a gauntlet.
 15574 | Gauntlet | Entered a Gauntlet
 15574 | Gauntlet | Found a transporter.
 15584 | Gauntlet | Found a transporter.
 15595 | Gauntlet | Found a transporter.
 15598 | Gauntlet | Found a transporter.
 15608 | Gauntlet | Found a transporter.
 15608 | Gauntlet | Noticed a hell beast
 15626 | Gauntlet | Found a transporter.
 15627 | Gauntlet | Noticed a balrug
 15636 | Gauntlet | Noticed a glowing orange brain
 15637 | Gauntlet | Noticed a glowing orange brain
 15638 | Gauntlet | Found a transporter.
 15642 | Gauntlet | Noticed a brown ugly thing
 15647 | Gauntlet | Noticed a hell hog
 15649 | Gauntlet | Found a transporter.
 15654 | Gauntlet | Found a transporter.
 15682 | Gauntlet | Found a transporter.
 15682 | Gauntlet | Found a transporter.
 15701 | Gauntlet | Gained mutation: Your cowardice makes you less effective in
                  | combat with threatening foes. [Ru sacrifice]
 15701 | Gauntlet | Reached **** piety under Ru
 15738 | Gauntlet | Found a transporter.
 15738 | Gauntlet | Found a transporter.
 15748 | Gauntlet | Found a transporter.
 16061 | Gauntlet | Reached skill level 10 in Short Blades
 16068 | Gauntlet | Reached skill level 9 in Shields
 16289 | Gauntlet | Identified the ring of Lady Luck {Will+ Int+6 SInv}
 16296 | Gauntlet | Banished a hell beast
 16297 | Gauntlet | Reached skill level 10 in Shields
 16359 | Gauntlet | Identified the +7 spear of Piocrig {elec, Int+4}
 16359 | Gauntlet | Identified the +4 chain mail "Wuczir" {Int+4}
 16359 | Gauntlet | Noticed a minotaur
 16366 | Gauntlet | Killed a minotaur
 16443 | Gauntlet | Found the ring of the Mage {Wiz Archmagi}
 16447 | Gauntlet | Identified the staff of Ragnarok {rN+ Dex+6 Necro}
 16718 | Lair:1   | Reached skill level 6 in Evocations
 16781 | Lair:1   | Reached XP level 12. HP: 93/108 MP: 12/12
 16897 | Lair:1   | Noticed Amaemon
 16911 | Lair:1   | Killed Amaemon
 16913 | Lair:1   | Reached skill level 11 in Fighting
 16994 | Lair:1   | Reached skill level 7 in Evocations
 17034 | Lair:1   | Noticed a death yak
 17057 | Lair:1   | Identified the ring "Yfewytz" {rPois EV+5 Dex+3}
 17084 | Lair:1   | Killed a death yak
 17591 | Lair:1   | Noticed a death yak
 17614 | Lair:1   | Noticed a death yak
 17614 | Lair:1   | Noticed a death yak
 17614 | Lair:1   | Noticed a death yak
 17620 | Lair:1   | Banished a death yak
 17625 | Lair:1   | Banished a death yak
 17626 | Lair:1   | Reached skill level 8 in Evocations
 17644 | Lair:1   | Banished a death yak
 17647 | Lair:1   | Banished a death yak
 18388 | Lair:2   | Reached skill level 12 in Fighting
 18750 | Lair:2   | Reached skill level 9 in Evocations
 19052 | Lair:2   | Found a staircase to the Shoals.
 19941 | Lair:3   | Reached skill level 11 in Shields
 19958 | Lair:3   | Reached XP level 13. HP: 46/119 MP: 7/13
 20166 | Lair:2   | Reached skill level 13 in Fighting
 20206 | Lair:3   | Reached skill level 10 in Evocations
 20220 | Lair:3   | Found a staircase to the Snake Pit.
 20304 | Lair:3   | Gained mutation: You are somewhat unskilled. (-1 Apt) [Ru
                  | sacrifice]
 20304 | Lair:3   | Reduced skill Fighting to level 12
 20304 | Lair:3   | Reduced skill Short Blades to level 9
 20304 | Lair:3   | Reduced skill Stealth to level 2
 20304 | Lair:3   | Reduced skill Shields to level 10
 20304 | Lair:3   | Reduced skill Evocations to level 9
 20304 | Lair:3   | Reached ***** piety under Ru
 21558 | Lair:4   | Reached skill level 11 in Shields
 21729 | Lair:4   | Reached skill level 10 in Evocations
 22257 | Lair:4   | Identified the ring "Fubbaf" {rN+ Will+ Str+4 Int+3}
 22410 | Lair:5   | Entered Level 5 of the Lair of Beasts
 22422 | Lair:5   | Gained mutation: You occasionally lose the ability to drink
                  | potions when taking damage. [Ru sacrifice]
 22422 | Lair:5   | Gained mutation: You sometimes lose the ability to drink
                  | potions when taking damage. [Ru sacrifice]
 22422 | Lair:5   | Reached ****** piety under Ru
 22637 | Lair:5   | Reached skill level 13 in Fighting
 22684 | Lair:5   | Reached skill level 10 in Short Blades
 23126 | Lair:5   | Reached XP level 14. HP: 120/129 MP: 14/14
 23203 | Lair:5   | Reached skill level 12 in Shields
 23781 | Lair:5   | Found a staircase to the Slime Pits.
 23781 | Lair:5   | Found a viscous altar of Jiyva.
 24013 | Lair:5   | Reached skill level 14 in Fighting
 24327 | Orc:1    | Entered Level 1 of the Orcish Mines
 24328 | Orc:1    | Noticed Josephine
 24393 | D:9      | Reached skill level 1 in Shapeshifting
 24447 | Orc:1    | Killed Josephine
 24514 | Orc:1    | Found a frozen archway.
 24531 | Orc:1    | Reached skill level 2 in Shapeshifting
 24543 | IceCv    | Entered an ice cave
 24664 | IceCv    | Found a transporter.
 24679 | IceCv    | Found a transporter.
 25231 | Orc:2    | Entered Level 2 of the Orcish Mines
 25249 | Orc:2    | Reached skill level 3 in Shapeshifting
 25625 | Orc:2    | Reached skill level 4 in Shapeshifting
 25741 | Orc:2    | Found Guorit's Distillery.
 25810 | Orc:2    | Found a staircase to the Elven Halls.
 26361 | Orc:2    | Reached skill level 5 in Shapeshifting
 26560 | Orc:2    | Noticed Erolcha
 26576 | Orc:2    | Killed Erolcha
 26669 | Orc:2    | Found Kuph's Weapon Shop.
 26669 | Orc:2    | Found Jathru's Antique Armour Emporium.
 26671 | Orc:2    | Found Gihaqiaf's Magic Scroll Shoppe.
 26673 | Orc:2    | Found Cianwoca's Magic Scroll Boutique.
 26685 | Orc:2    | Bought a scroll of silence for 95 gold pieces
 26685 | Orc:2    | Bought a scroll of fog for 40 gold pieces
 26690 | Orc:2    | Bought a scroll of fear for 56 gold pieces
 26690 | Orc:2    | Bought a scroll of blinking for 105 gold pieces
 26690 | Orc:2    | Bought a scroll of revelation for 105 gold pieces
 26694 | Orc:2    | Bought a scroll of fog for 56 gold pieces
 26727 | Orc:2    | Bought a potion of enlightenment for 60 gold pieces
 26727 | Orc:2    | Bought a potion of haste for 120 gold pieces
 26727 | Orc:2    | Bought a potion of resistance for 120 gold pieces
 26727 | Orc:2    | Bought a potion of enlightenment for 60 gold pieces
 26727 | Orc:2    | Bought a potion of resistance for 120 gold pieces
 26727 | Orc:2    | Bought a potion of resistance for 120 gold pieces
 26727 | Orc:2    | Bought a potion of invisibility for 96 gold pieces
 26727 | Orc:2    | Bought a potion of curing for 36 gold pieces
 26727 | Orc:2    | Bought a potion of ambrosia for 96 gold pieces
 26727 | Orc:2    | Bought a potion of mutation for 96 gold pieces
 26727 | Orc:2    | Bought a potion of mutation for 96 gold pieces
 26727 | Orc:2    | Lost mutation: You are weak. (Str -2) [potion of mutation]
 26727 | Orc:2    | Lost mutation: Your mind is acute. (Int +4, Str/Dex -1)
                  | [potion of mutation]
 26727 | Orc:2    | Lost mutation: You are clumsy. (Dex -2) [potion of
                  | mutation]
 26727 | Orc:2    | Gained mutation: Your flesh is cold resistant. (rC+)
                  | [potion of mutation]
 26727 | Orc:2    | Gained mutation: Your mind is acute. (Int +4, Str/Dex -1)
                  | [potion of mutation]
 27026 | D:12     | Identified the +9 shortbow of Gluttony {drain, rCorr Str+4
                  | Int-2}
 27186 | D:12     | Noticed Azrael
 27194 | D:12     | Killed Azrael
 27195 | D:12     | Reached skill level 6 in Shapeshifting
 27881 | D:13     | Got the Papyrus of Dislocated Blasts
 28027 | D:13     | Noticed an ironbound preserver
 28043 | D:13     | Reached skill level 7 in Shapeshifting
 28043 | D:13     | Killed an ironbound preserver
 28047 | D:13     | Reached XP level 15. HP: 84/131 MP: 6/15
 28317 | D:13     | Found a gate to the Vaults.
 28502 | D:13     | Found a transporter.
 28507 | D:13     | Found a transporter.
 28550 | D:13     | Found a transporter.
 28552 | D:13     | Found a transporter.
 28656 | D:13     | Found a roughly hewn altar of Beogh.
 28733 | D:14     | Noticed Nessos
 28737 | D:14     | Nessos changed into Nessos the death drake
 28737 | D:14     | Noticed Nessos
 28747 | D:14     | Banished Nessos the death drake
 28978 | D:14     | Reached skill level 8 in Shapeshifting
 29153 | D:14     | Noticed Louise
 29165 | D:14     | Killed Louise
 29850 | D:14     | Reached skill level 9 in Shapeshifting
 30132 | D:15     | Entered Level 15 of the Dungeon
 30250 | D:15     | Found an ornate altar of the Wu Jian Council.
 30302 | D:15     | Noticed Agnes
 30312 | D:15     | Killed Agnes
 30418 | D:15     | Found a runed translucent gate.
 30418 | D:15     | Found a runed translucent gate.
 30419 | D:15     | Found a runed translucent gate.
 30421 | D:15     | Noticed Foiz Zao's ghost (journeyman DrMo)
 30723 | D:15     | Found a staircase to the Depths.
 30933 | D:15     | Reached skill level 10 in Shapeshifting
 31988 | D:15     | Banished Foiz Zao's ghost
 31995 | D:15     | Identified the +2 long sword of Understanding {pain, rPois
                  | rF+ Will++ Str-4}
 32177 | Snake:1  | Entered Level 1 of the Snake Pit
 32656 | Snake:1  | Identified the +6 trident "Demon's Death Toll" {heavy,
                  | Int+3}
 32709 | Snake:1  | Reached skill level 11 in Shapeshifting
 34050 | Snake:2  | Reached XP level 16. HP: 120/146 MP: 16/16
 34393 | Snake:2  | You fall into a shaft and drop 1 floor!
 34516 | Snake:3  | Reached skill level 12 in Shapeshifting
 35223 | Snake:2  | Identified the serpent talisman "Dibip" {rF+ Str+3}
 35223 | Snake:2  | Noticed Aizul
 35283 | Snake:2  | Killed Aizul
 35699 | Snake:3  | Reached skill level 1 in Unarmed Combat
 35811 | Snake:3  | Reached skill level 2 in Unarmed Combat
 36567 | Snake:3  | Reached skill level 3 in Unarmed Combat
 36567 | Snake:3  | Reached skill level 13 in Shapeshifting
 36938 | Snake:3  | Noticed Jorgrun
 36959 | Snake:3  | Killed Jorgrun
 37153 | Snake:3  | Reached skill level 4 in Unarmed Combat
 37927 | Snake:4  | Entered Level 4 of the Snake Pit
 38211 | Snake:4  | Found Jicuisoe's Book Shop.
 38288 | Snake:4  | Found Qok Ire's Magic Scroll Emporium.
 38559 | Snake:4  | Reached skill level 5 in Unarmed Combat
 39200 | Snake:4  | Found Dedach's Antique Weapon Boutique.
 39381 | Snake:4  | Found Etwiho's Distillery.
 39403 | Snake:4  | Reached skill level 6 in Unarmed Combat
 40204 | Snake:4  | Reached XP level 17. HP: 100/152 MP: 17/17
 41083 | Snake:4  | Reached skill level 7 in Unarmed Combat
 41280 | Snake:4  | Reached skill level 14 in Shapeshifting
 41332 | Snake:4  | Got a serpentine rune of Zot
 41516 | Shoals:1 | Entered Level 1 of the Shoals
 41828 | Shoals:1 | Identified the ring of Norchafey {rN+ Will+ Str+3 Stlth+}
 41935 | Shoals:1 | Found Ibebamn's Antique Armour Emporium.
 42089 | Shoals:1 | Found Rimionaa's Assorted Antiques.
 42129 | Shoals:1 | Found Otaune's Book Emporium.
 42693 | Shoals:1 | Reached skill level 8 in Unarmed Combat
 43419 | Shoals:2 | Noticed a kraken
 44657 | Shoals:3 | Reached skill level 9 in Unarmed Combat
 45933 | Shoals:4 | Entered Level 4 of the Shoals
 46892 | Shoals:4 | Reached skill level 15 in Shapeshifting
 46977 | Shoals:4 | Reached skill level 10 in Unarmed Combat
 47346 | Shoals:4 | Identified the +2 leather armour of Wonder {rPois MP+9}
 47996 | Shoals:4 | Reached XP level 18. HP: 160/160 MP: 12/18
 48109 | Shoals:4 | Identified the +7 falchion of Tonav {flame, rN++ Stlth+}
 49255 | Shoals:4 | Got a barnacled rune of Zot
 49694 | Elf:1    | Entered Level 1 of the Elven Halls
 49708 | Orc:2    | Reached skill level 11 in Unarmed Combat
 50156 | Elf:1    | Paralysed by an air elemental for 1 turns
 50225 | Elf:1    | Found a magical portal.
 50265 | WizLab   | Entered Lehudib's Moon Base
 50445 | WizLab   | Gained mutation: You sometimes lose your temper in combat.
                  | [a neqoxec]
 50500 | WizLab   | Lost mutation: You sometimes lose your temper in combat.
                  | [potion of mutation]
 50500 | WizLab   | Lost mutation: Your mind is acute. (Int +4, Str/Dex -1)
                  | [potion of mutation]
 50500 | WizLab   | Gained mutation: You have a pair of small antennae on your
                  | head. [potion of mutation]
 52588 | WizLab   | Learned a level 1 spell: Apportation
 52591 | WizLab   | Learned a level 2 spell: Blink
 52596 | WizLab   | Learned a level 4 spell: Manifold Assault
 54029 | WizLab   | Reached skill level 12 in Unarmed Combat
 54095 | WizLab   | Reached skill level 15 in Fighting
 54259 | WizLab   | Reached skill level 16 in Shapeshifting
 54785 | WizLab   | Found a transporter.
 55111 | WizLab   | Found a transporter.
 55194 | WizLab   | Noticed a moon troll
 55204 | WizLab   | Killed a moon troll
 55300 | WizLab   | Identified the +5 falchion "Ilokluq" {venom, rF+ Dex+3
                  | Stlth+}
 55301 | WizLab   | Identified the +0 cloak of Resonance {Int+7 Dex-3}
 55308 | WizLab   | Glimpsed the power of Zot.
 55396 | Elf:1    | Identified 3 scrolls of acquirement
 55397 | Elf:1    | Acquired the ring "Isoyp" {rElec rF++ Str-5 Dex+6}
 55398 | Elf:1    | Acquired the +8 arc blade {discharge, rElec}
 55398 | Elf:1    | Found the +8 arc blade {discharge, rElec}
 55399 | Elf:1    | Acquired the ring "Nobaukus" {rF+ Str+2}
 55738 | Elf:1    | Reached XP level 19. HP: 152/162 MP: 16/19
 56157 | Elf:2    | Paralysed by an air elemental for 1 turns
 56163 | Elf:1    | Paralysed by an air elemental for 1 turns
 56589 | Elf:2    | Paralysed by an air elemental for 1 turns
 56598 | Elf:2    | Paralysed by an air elemental for 1 turns
 56603 | Elf:2    | Paralysed by an air elemental for 1 turns
 56608 | Elf:2    | Paralysed by an air elemental for 1 turns
 56765 | Elf:2    | Noticed Roxanne
 56791 | Elf:2    | Killed Roxanne
 57070 | Elf:2    | Found a huge runed translucent gate.
 57070 | Elf:2    | Found a huge runed translucent gate.
 57070 | Elf:2    | Found a huge runed translucent gate.
 57075 | Elf:2    | Found a huge runed translucent gate.
 57075 | Elf:2    | Found a huge runed translucent gate.
 57118 | Elf:3    | Entered Level 3 of the Elven Halls
 57122 | Elf:3    | Paralysed by an air elemental for 1 turns
 57123 | Elf:3    | Reached skill level 13 in Shields
 57185 | Elf:3    | Found Upnadiko's Book Boutique.
 57234 | Elf:3    | Found Exkaet's Assorted Antiques.
 57248 | Elf:3    | Bought a potion of heal wounds for 140 gold pieces
 57248 | Elf:3    | Bought a scroll of butterflies for 112 gold pieces
 57701 | Elf:3    | Found Jaopneg's Armour Boutique.
 57963 | Elf:3    | Identified the +10 rapier "Atemaucs" {flame, rPois Str+3
                  | Dex+2}
 57963 | Elf:3    | Identified the amulet of Ykicw {Faith Rampage}
 57996 | Elf:3    | Reached skill level 13 in Unarmed Combat
 59204 | Elf:3    | Identified the +0 robe "Hisab" {rCorr Str+4 Stlth-
                  | Archmagi}
 59378 | Elf:3    | Identified the +7 sling "Ohozaod" {speed, rC+ Int+2}
 59442 | Elf:3    | Identified the ring of Meosyrgh {Wiz rPois Int+2 Stlth+}
 60813 | Elf:3    | Reached skill level 14 in Unarmed Combat
 60843 | Elf:3    | Found the +3 hat of Pondering {ponderous, Will+ MP+10
                  | Int+5}
 60852 | Elf:3    | Found the +1 Delatra's gloves {ID++}
 60858 | Elf:3    | Identified the +1 pair of gloves of the Apricot {Harm rPois
                  | Regen+ Int-2}
 61336 | Vaults:1 | Entered Level 1 of the Vaults
 61575 | Vaults:1 | Reached skill level 14 in Shields
 62254 | Vaults:1 | Reached XP level 20. HP: 108/156 MP: 20/20
 62815 | Elf:3    | Bought a scarf of resistance for 416 gold pieces
 62846 | Elf:3    | Reached skill level 15 in Unarmed Combat
 63345 | Vaults:1 | Identified the +7 morningstar of Earthquakes {flame, Str+3}
 64007 | Vaults:2 | Found a portal to a secret trove of treasure.
 64281 | Vaults:2 | Noticed Mennas
 64307 | Vaults:2 | Killed Mennas
 64416 | Vaults:2 | Identified the +7 short sword "Xexan" {antimagic, rElec
                  | rPois rC+ rCorr}
 64648 | Vaults:2 | Reached skill level 15 in Shields
 64906 | Vaults:2 | Reached skill level 16 in Unarmed Combat
 64924 | Vaults:2 | Noticed Donald
 65062 | Vaults:2 | Killed Donald
 65220 | Vaults:2 | Found a staircase to the Crypt.
 66533 | Vaults:3 | Reached skill level 17 in Unarmed Combat
 66748 | Vaults:3 | Noticed Jory
 66756 | Vaults:3 | Killed Jory
 66757 | Vaults:3 | Reached skill level 16 in Fighting
 67357 | Vaults:4 | Reached XP level 21. HP: 188/188 MP: 21/21
 67792 | Vaults:4 | Found Abogefugu's Weapon Shop.
 68926 | Crypt:1  | Entered Level 1 of the Crypt
 68951 | Crypt:1  | Identified the +2 robe of Wisdom {rF+ Int+2}
 68951 | Crypt:1  | Noticed Boris
 69036 | Crypt:1  | Killed Boris
 69037 | Crypt:1  | Reached skill level 18 in Unarmed Combat
 69152 | Crypt:1  | You fall into a shaft and drop 1 floor!
 69450 | Crypt:1  | Reached XP level 22. HP: 198/198 MP: 22/22
 70670 | Snake:4  | Bought 2 potions of might for 128 gold pieces
 70670 | Snake:4  | Bought a potion of heal wounds for 80 gold pieces
 70670 | Snake:4  | Bought a potion of resistance for 160 gold pieces
 70670 | Snake:4  | Bought a potion of haste for 160 gold pieces
 70670 | Snake:4  | Bought a potion of mutation for 128 gold pieces
 70719 | Snake:4  | Bought a scroll of teleportation for 33 gold pieces
 70719 | Snake:4  | Bought a scroll of poison for 44 gold pieces
 70719 | Snake:4  | Bought a scroll of immolation for 44 gold pieces
 70719 | Snake:4  | Bought a scroll of blinking for 82 gold pieces
 71010 | D:7      | Bought a scroll of teleportation for 45 gold pieces
 71010 | D:7      | Bought a scroll of teleportation for 45 gold pieces
 71311 | Crypt:2  | Found a transporter.
 71311 | Crypt:2  | Noticed a dread lich
 71352 | Crypt:2  | Reached skill level 19 in Unarmed Combat
 71454 | Crypt:2  | Reached skill level 17 in Fighting
 71581 | Crypt:2  | Found a transporter.
 71751 | Crypt:2  | Found a transporter.
 71755 | Crypt:2  | Identified the ring of Teshrutack {Ice +Blink}
 72048 | Crypt:2  | Found a transporter.
 72066 | Crypt:2  | Found a transporter.
 72192 | Crypt:3  | Entered Level 3 of the Crypt
 72533 | Crypt:3  | Noticed Xtahua
 72547 | Crypt:3  | Killed Xtahua
 72656 | Crypt:3  | Found a staircase to the Tomb.
 72827 | Crypt:3  | Reached XP level 23. HP: 204/204 MP: 23/23
 72849 | Crypt:3  | Reached skill level 17 in Shapeshifting
 72882 | Crypt:3  | Found an ancient bone altar of Kikubaaqudgha.
 73176 | Crypt:3  | Noticed an ancient lich
 73186 | Crypt:3  | Killed an ancient lich
 73198 | Crypt:3  | Noticed a dread lich
 73205 | Crypt:3  | Killed a dread lich
 73218 | Crypt:3  | Got Xokhamy's Reference Book on Zombies
 73219 | Crypt:3  | Identified the staff of Vanity {rC+ Dex+2 Ice}
 73307 | Crypt:3  | Reached skill level 20 in Unarmed Combat
 73463 | Crypt:3  | Identified the +3 halberd "Turru" {flame, rC- Dex+3}
 74674 | Crypt:3  | Identified the +9 battleaxe of Cowardice {drain, *Slow
                  | +Blink rF+ Will+ rCorr}
 74980 | Depths:1 | Entered Level 1 of the Depths
 75074 | Depths:1 | Reached skill level 18 in Fighting
 75286 | Depths:1 | Found Ticsiefa's Armour Shoppe.
 75569 | Depths:1 | Found a gateway to Hell.
 76041 | Depths:2 | Found Nysekel's Book Shop.
 76045 | Depths:2 | Found Evoomepp's Jewellery Shoppe.
 76046 | Depths:2 | Found Vuazoddo's Book Shop.
 76058 | Depths:2 | Found a basalt altar of Yredelemnul.
 76075 | Depths:2 | Found Big Baal Hell's Store.
 76265 | Depths:2 | Found a one-way gate leading to the halls of Pandemonium.
 76373 | Depths:2 | Bought a manual of Unarmed Combat for 1280 gold pieces
 76546 | Depths:2 | Identified the +5 sling "Zumergh" {elec, rElec rN+++ MP-9
                  | SInv}
 76792 | Depths:2 | Identified the ring "Jaacop" {rPois rCorr Str-5 SInv}
 76850 | Depths:2 | Reached skill level 18 in Shapeshifting
 76964 | Depths:3 | Reached skill level 19 in Fighting
 77415 | Depths:3 | Reached XP level 24. HP: 221/221 MP: 23/23
 77484 | Depths:3 | Found a one-way gateway to a ziggurat.
 77972 | Depths:3 | Noticed a juggernaut
 77973 | Depths:3 | Found a runed translucent door.
 78040 | Depths:3 | Found a one-way gate to the infinite horrors of the Abyss.
 78075 | Depths:3 | Reached skill level 21 in Unarmed Combat
 78258 | Depths:3 | Killed a juggernaut
 78286 | Depths:3 | Identified the ring of Ytwitufu {rElec EV+5 Str+2 Stlth-}
 78293 | Depths:3 | Got Denyur's Notes on Blasting
 78341 | Depths:4 | Entered Level 4 of the Depths
 78747 | Depths:4 | Found a gate to the Realm of Zot.
 79406 | Depths:4 | Noticed Vv
 79422 | Depths:4 | Killed Vv
 79521 | Depths:4 | Identified the ring "Teten" {*Slow Will+ Int+5 Slay+2}
 79749 | Depths:4 | Reached skill level 20 in Fighting
 80348 | Vaults:4 | Reached skill level 22 in Unarmed Combat
 80550 | Vaults:5 | Entered Level 5 of the Vaults
 80562 | Vaults:5 | Identified the +8 halberd of Teatutif {drain, rCorr Str+6}
 80627 | Vaults:5 | Identified the +11 great mace "Megg" {vamp, Str+4 Stlth+}
 80645 | Vaults:5 | Identified the ring "Qammuk" {Fly rPois rC- rCorr MP+9}
 80706 | Vaults:5 | Reached skill level 19 in Shapeshifting
 81199 | Vaults:5 | Got a silver rune of Zot
 81226 | Vaults:5 | Reached skill level 23 in Unarmed Combat
 81226 | Vaults:5 | Reached XP level 25. HP: 231/231 MP: 23/23
 81258 | Vaults:5 | Noticed an ancient lich
 81271 | Vaults:5 | Killed an ancient lich
 81312 | Vaults:5 | Noticed a dread lich
 81323 | Vaults:5 | Identified the +3 morningstar of Sin {freeze, Fly rElec}
 81325 | Vaults:5 | Killed a dread lich
 81460 | Vaults:5 | Identified the ring "Hiaz" {rElec rN+ Will+ rCorr}
 81504 | Vaults:5 | Identified the ring of Unur {Wiz Int+3}
 81510 | Vaults:5 | Reached skill level 20 in Shapeshifting
 81616 | Vaults:5 | Identified the staff of Descent {rPois Stlth+ Alchemy}
 81648 | Vaults:5 | Identified the staff of Hatred {rElec rPois Alchemy}
 81713 | Vaults:5 | Identified the +0 chain mail of Weightlessness {rN+ Dex+4}
 83390 | Vaults:2 | You paid a toll of a +5 demon blade to enter a treasure
                  | trove
 83391 | Trove    | Entered a treasure trove
 83391 | Trove    | Found the +0 mask of the Dragon {Will+ Slay+3 SInv}
 83391 | Trove    | Found the +10 tower shield of Ignorance {rN+ Int-4}
 83402 | Trove    | Identified the amulet of Birdsong {Reflect rN+ Dex+2 SH+5
                  | SInv}
 83405 | Trove    | Identified the amulet "Amoral" {Spirit rF+ Int+2}
 83411 | Trove    | Identified the +0 hat of the True Pharaoh {Regen+ Int+2}
 83440 | Trove    | Identified the +0 kite shield "Ujomiv" {rC- Dex+5 SInv}
 83452 | Trove    | Identified the ring of Disaster {rN+ Int+2}
 83467 | Trove    | Identified the ring "Teluvel" {rElec rF- rC++ rN+ Will+}
 83478 | Trove    | Identified the ring of Dilejut {Fly rF+++ rN+ Will- Dex+8}
 83494 | Trove    | Identified the ring "Esexan" {rC+ Str+6 Int+3}
 83509 | Trove    | Identified the ring "Xoqis" {Wiz ^Contam rPois rC++ Slay+6}
 83947 | Zig:1    | Entered Level 1 of a ziggurat
 83950 | Zig:1    | Gained mutation: You are weak. (Str -2) [a neqoxec]
 84042 | Zig:2    | Entered Level 2 of a ziggurat
 84063 | Zig:2    | Identified the +0 trident of Precise Incision {antimagic,
                  | +Blink Dex+5}
 84067 | Zig:3    | Entered Level 3 of a ziggurat
 84110 | Zig:4    | Entered Level 4 of a ziggurat
 84172 | Zig:5    | Entered Level 5 of a ziggurat
 84209 | Zig:6    | Entered Level 6 of a ziggurat
 84269 | Zig:6    | Identified the +0 quarterstaff "Vees Ytie" {pain, rElec
                  | Str+3}
 84277 | Zig:7    | Entered Level 7 of a ziggurat
 84609 | Zig:7    | Identified the amulet "Sihydo" {Acrobat rF++}
 84617 | Zig:7    | Identified the ring "Zuengir" {Ice Dex+4}
 84733 | Zot:1    | Entered Level 1 of the Realm of Zot
 84735 | Zot:1    | Reached skill level 21 in Shapeshifting
 85592 | Zot:1    | Identified the +0 leather armour of Ferocious Curiosity
                  | {rPois}
 85818 | Zot:2    | Identified the +9 hand axe of the Chain {protect, *Noise
                  | Str+4 Dex+3}
 86231 | Zot:2    | Reached XP level 26. HP: 239/239 MP: 23/23
 86236 | Zot:2    | Reached skill level 22 in Shapeshifting
 86389 | Zot:2    | Found a runed translucent gate.
 86389 | Zot:2    | Found a runed translucent gate.
 86389 | Zot:2    | Found a runed translucent gate.
 86391 | Zot:2    | Noticed Kyph's ghost (legendary MiBe)
 86391 | Zot:2    | Noticed Xeywnuph's ghost (veteran DrRe)
 86392 | Zot:2    | Noticed Ganeol's ghost (legendary MiBe)
 86392 | Zot:2    | Noticed Raoschyll's ghost (legendary FoHu)
 87067 | Zot:3    | Noticed Parghit
 87067 | Zot:3    | Noticed Grunn
 87075 | Zot:3    | Killed Parghit
 87091 | Zot:3    | Killed Grunn
 87843 | Zot:4    | Found Paich's CLEARANCE SALE!.
 87851 | Zot:4    | Bought a potion of invisibility for 40 gold pieces
 88040 | Zot:4    | Noticed an orb of fire
 88058 | Zot:4    | Gained mutation: You are clumsy. (Dex -2) [an orb of fire]
 88076 | Zot:4    | Gained mutation: Potions are less effective at restoring
                  | your health. [an orb of fire]
 88080 | Zot:4    | Killed an orb of fire
 88081 | Zot:4    | Reached skill level 23 in Shapeshifting
 88374 | Zot:5    | Entered Level 5 of the Realm of Zot
 88502 | Zot:5    | Noticed an orb of fire
 88548 | Zot:5    | Gained mutation: Potions cannot restore your health. [an
                  | orb of fire]
 88549 | Zot:5    | Gained mutation: You have hidden genetic defects. [an orb
                  | of fire]
 88552 | Zot:5    | Gained mutation: You occasionally shout uncontrollably at
                  | your foes. [an orb of fire]
 88555 | Zot:5    | Killed an orb of fire
 88629 | Zot:5    | Found the sphere of Battle
 89528 | Zot:5    | Noticed a dread lich
 89538 | Zot:5    | Killed a dread lich
 89738 | Zot:5    | Noticed an orb of fire
 89748 | Zot:5    | Killed an orb of fire
 89761 | Zot:5    | Noticed a dread lich
 89764 | Zot:5    | Noticed an orb of fire
 89777 | Zot:5    | Killed an orb of fire
 89783 | Zot:5    | Killed a dread lich
 89788 | Zot:5    | Gained mutation: Your body sometimes deteriorates upon
                  | taking damage. [hidden defects]
 89810 | Zot:5    | Noticed an orb of fire
 89822 | Zot:5    | Killed an orb of fire
 89837 | Zot:5    | Reached skill level 24 in Shapeshifting
 89983 | Zot:5    | Noticed an ancient lich
 89991 | Zot:5    | Killed an ancient lich
 90539 | Zot:5    | Noticed an orb of fire
 90545 | Zot:5    | Noticed a dread lich
 90551 | Zot:5    | Killed an orb of fire
 90556 | Zot:5    | Killed a dread lich
 90574 | Zot:5    | Noticed a dread lich
 90588 | Zot:5    | Noticed an orb of fire
 90588 | Zot:5    | Killed a dread lich
 90592 | Zot:5    | Reached XP level 27. HP: 173/224 MP: 11/23
 90600 | Zot:5    | Killed an orb of fire
 90615 | Zot:5    | Gained mutation: Your magical capacity is low. (-10% MP)
                  | [hidden defects]
 90615 | Zot:5    | Lost mutation: You have hidden genetic defects. [hidden
                  | defects expressed]
 93166 | Hell     | Entered the Vestibule of Hell
 93168 | Hell     | Noticed Geryon
 93206 | Hell     | Reached skill level 25 in Shapeshifting
 93427 | Hell     | Killed Geryon
 93759 | Hell     | Found a gateway to the ashen valley of Gehenna.
 93846 | Hell     | Found a gateway to the decaying netherworld of Tartarus.
 93951 | Hell     | Found a gateway to the Iron City of Dis.
 94394 | Tomb:1   | Entered Level 1 of the Tomb of the Ancients
 94506 | Tomb:1   | Identified the staff of Jifusiha {rElec Str+3 Air}
 94649 | Tomb:1   | Noticed a royal mummy
 94663 | Tomb:1   | Killed a royal mummy
 94701 | Tomb:1   | Reached skill level 26 in Shapeshifting
 95013 | Tomb:1   | Lost mutation: You are clumsy. (Dex -2) [potion of
                  | mutation]
 95013 | Tomb:1   | Lost mutation: You have a pair of small antennae on your
                  | head. [potion of mutation]
 95013 | Tomb:1   | Lost mutation: Your magical capacity is low. (-10% MP)
                  | [potion of mutation]
 95013 | Tomb:1   | Lost mutation: Your body sometimes deteriorates upon taking
                  | damage. [potion of mutation]
 95013 | Tomb:1   | Gained mutation: Your flesh is heat resistant. (rF+)
                  | [potion of mutation]
 95013 | Tomb:1   | Gained mutation: Your movements are slightly less
                  | encumbered by armour. (ER -2) [potion of mutation]
 95014 | Tomb:1   | Lost mutation: You are weak. (Str -2) [potion of mutation]
 95014 | Tomb:1   | Lost mutation: Your flesh is cold resistant. (rC+) [potion
                  | of mutation]
 95014 | Tomb:1   | Lost mutation: Potions cannot restore your health. [potion
                  | of mutation]
 95014 | Tomb:1   | Gained mutation: You are dopey. (Int -2) [potion of
                  | mutation]
 95014 | Tomb:1   | Gained mutation: Your spells are a little harder to cast,
                  | but a little more powerful. [potion of mutation]
 95015 | Tomb:1   | Lost mutation: You are dopey. (Int -2) [potion of mutation]
 95015 | Tomb:1   | Lost mutation: Your spells are a little harder to cast, but
                  | a little more powerful. [potion of mutation]
 95015 | Tomb:1   | Gained mutation: You possess an exceptional clarity of
                  | mind. [potion of mutation]
 95015 | Tomb:1   | Gained mutation: You frequently scream uncontrollably at
                  | your foes. [potion of mutation]
 95015 | Tomb:1   | Gained mutation: Your natural rate of healing is unusually
                  | fast. [potion of mutation]
 95015 | Tomb:1   | Gained mutation: You are covered in fur. (AC +1) [potion of
                  | mutation]
 95059 | Tomb:1   | Noticed a royal mummy
 95071 | Tomb:1   | Killed a royal mummy
 95297 | Tomb:1   | Noticed a royal mummy
 95320 | Tomb:1   | Killed a royal mummy
 96024 | Zot:5    | Got the Orb of Zot
 96566 | D:15     | Noticed Qok Fopi the pandemonium lord
 96586 | D:14     | Noticed a seraph
 96621 | D:13     | Noticed Alyll the pandemonium lord
 96633 | D:13     | Killed Alyll the pandemonium lord
 96718 | D:9      | Noticed a seraph
 96724 | D:9      | Identified the +2 buckler "Eromyuc" {rC- Int+3 Dex+2}
 96839 | D:6      | Reached skill level 27 in Shapeshifting
 96948 | D:1      | Noticed Nufuvvaqisk the pandemonium lord
 96956 | D:1      | Killed Nufuvvaqisk the pandemonium lord
 96990 | D:$      | Escaped with the Orb!

Illustrated notes

Levels and vault maps discovered:
D:1:      heliophobic_arrival_henge, layout_basic
D:2:      layout_basic, serial_glass, glass_columns_a, glass_columns_a,
          uniq_natasha, uniq_robin
D:3:      layout_rooms, serial_co_window_serial, co_window_paths_a,
          co_window_corner_a, co_window_corner_a, co_window_corner_a,
          co_window_paths_a, co_window_unsneaky_path_c, co_window_cross_3,
          co_window_unsneaky_path_c, co_window_cross_3, glass_columns_c,
          glass_columns_a, glass_columns_a
D:4:      layout_cave_pods, serial_shops, shop_statue, eino_tiny_chamber,
          minmay_misc_feat_secret_circle, uniq_grinder
D:5:      layout_gridville
D:6:      minmay_chambers_of_threes, layout_layer_cave,
          minmay_temple_entry_junction_2, serial_shops, shop,
          guppyfry_shop_venom
D:7:      layout_loops_ring, minmay_overflow_temple_hex, serial_shops,
          nicolae_square_shop
D:8:      layout_loops_corners, uniq_maurice
D:9:      layout_cave_pools, david_orc_4, uniq_maggie, uniq_erica
D:10:     layout_loops_ring, statue_in_the_mist_lemuel, minmay_rotating_lava
D:11:     layout_basic, david_lair_shrubbed, dreamdust_princess_corridor,
          nicolae_uskayaw_murder_on_the_dancefloor
D:12:     layout_basic, eino_jars, uniq_azrael
D:13:     layout_long_grid, skrybe_vaults_entry_preservation, special_room
          [special_room_orc], nicolae_transporter_circle
D:14:     layout_stronghold, serial_bayou_ford_a, uniq_louise, uniq_nessos
D:15:     gammafunk_depths_entry_grave, layout_stronghold,
          gammafunk_ghost_hydra_chop, pdpol_wu_jian_five_deadly_venoms,
          grunt_ministairs_3, uniq_agnes
Temple:   eino_temple_rhombus
Lair:1:   hellmonk_destroyed_diamonds, layout_regular_city,
          gauntlet_entry_generic, cheibrodos_lair_lostbears, uniq_amaemon
Lair:2:   layout_misc_corridors, minmay_shoals_entry_hut
Lair:3:   layout_regular_city, guppyfry_snake_entry_island
Lair:4:   layout_cave_pods, st_stairs_13, minmay_shattered_shrine
Lair:5:   grunt_lair_end_beastmaster, layout_cave_shapes, slime_entry_1,
          lemuel_fruit_tree
Shoals:1: layout_shoals, serial_shops, shop, nicolae_take_the_stairs,
          nicolae_shop_waterfront
Shoals:2: dreamdust_from_the_deep, layout_shoals, nicolae_shoals_bring_sunscreen
Shoals:3: layout_shoals, nicolae_shoals_former_cling_ruins
Shoals:4: shoals_end_simple, layout_shoals
Snake:1:  layout_grid_maze, grunt_megastairs_3
Snake:2:  layout_misc_corridors, uniq_aizul
Snake:3:  layout_chambers, grunt_megastairs_2, uniq_jorgrun
Snake:4:  minmay_snake_end_coiled, layout_cave_town, serial_shops,
          nicolae_square_shop, shop, shop, nicolae_shop_pleasant_corner_grove
Orc:1:    layout_caves, portal_ice_cave_demonic_guard, uniq_josephine
Orc:2:    st_orc_rangers, layout_caves, serial_shops, nicolae_diamond_shop,
          nicolae_orc_crystal_geode, uniq_erolcha
Elf:1:    minmay_elf_arrival_circle, layout_loops_cross, mu_enter_wizlab_4,
          evilmike_minifort, nicolae_elf_free_trip_to_the_abyss
Elf:2:    elven_hall_of_blades_hangedman_alternative [mumra_blade_entry_dagger],
          layout_geoelf_octagon, uniq_roxanne, uniq_nikola
Elf:3:    minmay_elf_hall_curves, layout_loops_corners, serial_shops,
          shop_statue, shop, nicolae_shop_gibbet_a_chance,
          amcnicky_mini_rare_corridor_liquid
Vaults:1: nicolae_vaults_network_quincunx
          [nicolae_vaults_network_quincunx_subvault,
          nicolae_vaults_network_quincunx_subvault,
          nicolae_vaults_network_quincunx_subvault,
          nicolae_vaults_network_quincunx_subvault,
          nicolae_vaults_network_quincunx_subvault], nicolae_vaults_apartment_1,
          vaults_mumra_lcd, nicolae_vaults_shock_wave,
          nicolae_vaults_trapezoid_3, nicolae_vaults_storage_closets_1,
          layout_vaults_chaotic_city
Vaults:2: v_pattern_3, minmay_crypt_entry_simple_walls, nicolae_vaults_house_3,
          ontoclasm_vaults_eye, nicolae_vaults_layer_cake_slice,
          nicolae_vaults_shelves_hall, nicolae_vaults_weapon_check,
          st_hourglassy, layout_vaults_omnigrid,
          nicolae_trove_entry_path_of_doom, uniq_donald, uniq_mennas
Vaults:3: hangedman_vaults_restitches, nicolae_vaults_stairing_the_circle,
          hangedman_vaults_maws, hangedman_vaults_snaps, v_rooms_1,
          nicolae_vaults_mini_display_case, ontoclasm_vaults_tryst,
          ontoclasm_vaults_ring_large, layout_vaults_omnibox, uniq_jory
Vaults:4: vaults_mumra_chevron, v_misc_23, v_alt_pattern_3, v_rooms_6,
          hangedman_vaults_river_flow, nicolae_vaults_little_squares_4,
          minmay_orc_keep, v_misc_27, nicolae_vaults_double_plus_3,
          nicolae_vaults_three_branches, nicolae_vaults_heart-shaped_vault,
          layout_vaults_ring, serial_shops, shop
Vaults:5
Crypt:1:  layout_catacombs, grunt_megastairs_5, uniq_boris
Crypt:2:  gammafunk_the_bubble [the_bubble_gammafunk_roulette], layout_gridlike
Crypt:3:  evilmike_haunted_forest, uniq_xtahua
Tomb:1
Depths:1: layout_cave_pools, hell_entry, minmay_hedge_maze, serial_shops,
          nicolae_shop_hallway_plus, ebering_dispersal_statue_hall,
          nicolae_titane
Depths:2: minmay_the_grid_octo_2x2 [minmay_the_grid_octo_77,
          minmay_the_grid_octo_fan_narrow, minmay_the_grid_octo_teeth,
          minmay_the_grid_octo_prize_single_spiral], layout_gridlike, pan_entry,
          yredelemnul_altar_generic, nicolae_hell_entry_big_baal_hell,
          nrook_pool_corridor, minmay_shop_grove
Depths:3: minmay_gate_of_8, layout_gridlike, enter_ziggurat_e,
          grunt_pan_entry_sceptre, abyss_entry, grunt_decor_one_mirror,
          pf_hell_entry_tar_spiral, infiniplex_staircase_zigzag_3
Depths:4: evilmike_zot_entry_argh, layout_basic, hell_entry,
          serial_sigils_hangedman_shear, uniq_margery, uniq_vv
Hell
Zot:1:    layout_twisted_circle, regret_index_zotdec_wing_it, grunt_ministairs_2
Zot:2:    layout_concentric_octagons, gammafunk_ghost_cemetery
Zot:3:    layout_misc_corridors, regret_index_zotdec_dark_gr,
          grunt_ministairs_10, uniq_parghit, uniq_grunn
Zot:4:    layout_onion_interference, regret_index_zotdec_barnacled_simple,
          nicolae_shop_clearance
Zot:5:    layout_cathedral_of_symmetry, drop_trap

Skill      XL: |  1  2  3  4  5  6  7  8  9 10 11 12 13 14 15 16 17 18 19 20 21 22 23 24 25 26 27 |
---------------+----------------------------------------------------------------------------------+-----
Stealth        | 1 2 3 2 |  2.6
Ranged Weapons | 4 |  4.0
Fighting       | 3 5 6 8 10 12 13 14 15 16 17 19 20 | 20.3
Short Blades   | 1 3 4 5 7 8 10 10 | 10.7
Armour         | 1 0 |  0.0
Shields        | 2 6 10 11 11 12 14 15 | 15.0
Evocations     | 5 6 9 10 | 10.0
Dodging        | 0 |  0.0
Shapeshifting  | 7 11 13 15 16 18 19 21 24 27 | 27.0
Unarmed Combat | 6 10 12 14 17 18 19 20 23 | 23.0

Action                     |  1- 3 |  4- 6 |  7- 9 | 10-12 | 13-15 | 16-18 | 19-21 | 22-24 | 25-27 || total
---------------------------+-------+-------+-------+-------+-------+-------+-------+-------+-------++-------
  Melee: Dagger            |       |    89 |   202 |   734 |  1602 |  1844 |       |       |       ||  4471
         Unarmed           |       |     4 |       |       |       |   142 |  1294 |  1725 |  1763 ||  4928
         Headbutt          |       |     3 |    40 |    42 |       |       |       |       |       ||    85
         Rapier            |       |       |       |       |       |    78 |   264 |       |       ||   342
         Tailslap          |       |       |       |       |       |    32 |       |       |       ||    32
         Bite              |       |       |       |       |       |    25 |       |       |       ||    25
         Punch             |       |       |       |       |       |    15 |       |       |       ||    15
   Fire: Shortbow          |    82 |   146 |       |       |       |       |       |       |       ||   228
  Throw: Dart              |       |     2 |     8 |     1 |       |     1 |     1 |       |     6 ||    19
         Javelin           |       |       |     2 |       |       |       |       |       |       ||     2
 Invoke: Sacrifice Durabil |       |       |     1 |       |       |       |       |       |       ||     1
         Sacrifice Nimblen |       |       |       |     1 |       |       |       |       |       ||     1
         Power Leap        |       |       |       |     2 |    19 |    29 |     4 |     7 |     2 ||    63
         Sacrifice Courage |       |       |       |     1 |       |       |       |       |       ||     1
         Draw Out Power    |       |       |       |     1 |     1 |     4 |     3 |     5 |     8 ||    22
         Sacrifice Drink   |       |       |       |       |     1 |       |       |       |       ||     1
         Sacrifice Skill   |       |       |       |       |     1 |       |       |       |       ||     1
         Apocalypse        |       |       |       |       |     3 |     2 |     3 |     1 |     4 ||    13
Ability: Breathe Fire      |       |       |       |       |       |    20 |       |       |       ||    20
  Evoke: Wand              |       |       |     4 |    27 |     3 |    29 |    13 |     8 |    20 ||   104
         Sack of spiders   |       |       |       |       |       |     3 |     2 |     1 |     4 ||    10
         Lightning rod     |       |       |       |       |       |       |       |     4 |     6 ||    10
         Phantom mirror    |       |       |       |       |       |       |       |       |     2 ||     2
         Horn of Geryon    |       |       |       |       |       |       |       |       |     1 ||     1
    Use: Potion            |       |     7 |     1 |     5 |     2 |     5 |     8 |     4 |    18 ||    50
         Scroll            |       |     2 |     7 |    19 |     9 |     7 |     6 |     8 |    13 ||    71
   Stab: Distracted        |       |     1 |     1 |     2 |     7 |    18 |    16 |    14 |    22 ||    81
         Sleeping          |       |       |     2 |       |       |     1 |    14 |    11 |     4 ||    32
         Invisible         |       |       |       |     3 |    18 |    17 |    11 |    20 |    17 ||    86
         Petrified         |       |       |       |       |     7 |       |       |       |       ||     7
         Paralysed         |       |       |       |       |     8 |     4 |    12 |     5 |    12 ||    41
         Petrifying        |       |       |       |       |     2 |       |       |       |       ||     2
         Confused          |       |       |       |       |       |       |       |       |     1 ||     1
 Armour: Leather armour    |    10 |   104 |    58 |       |       |       |       |       |       ||   172
         Skin              |       |    35 |       |       |       |    59 |  1038 |  1641 |  1163 ||  3936
         Chain mail        |       |       |    51 |   329 |   480 |   667 |       |       |       ||  1527
         Troll leather arm |       |       |       |       |       |    24 |   186 |       |       ||   210
  Dodge: Dodged            |    16 |    71 |    70 |    94 |   274 |   380 |   730 |  1030 |   499 ||  3164
  Block: Kite shield       |       |       |     4 |   423 |  1025 |  1394 |  1311 |  1512 |    93 ||  5762
         Reflection        |       |       |       |    11 |   175 |   131 |    34 |       |       ||   351
         Other             |       |       |       |       |       |     7 |       |       |       ||     7
         Tower shield      |       |       |       |       |       |       |       |       |  2321 ||  2321
         Form:             |       |       |       |       |       |     5 |       |       |       ||     5
         Dragon            |       |       |       |       |       |     5 |       |       |       ||     5
         Statue            |       |       |       |       |       |       |     1 |       |       ||     1

Table legend: (Time is in decaauts)
 A = Elapsed time spent in this place.
 B = Non-inter-level travel time spent in this place.
 C = Inter-level travel time spent in this place.
 D = Time resting spent in this place.
 E = Time spent auto-exploring this place.
 F = Levels seen in this place.
 G = Mean time per level.
                   A        B        C        D        E       F      G
               +--------+--------+--------+--------+--------+-----+--------+
         Total | 116047 | 103244 |  12803 |  24470 |  55761 |  64 | 1813.2 |
       Dungeon |  25366 |  19910 |   5456 |   2959 |  12995 |  15 | 1691.1 |
        Temple |     66 |     61 |      5 |      0 |     54 |   1 |   66.0 |
          Lair |   7899 |   7147 |    752 |    643 |   5057 |   5 | 1579.8 |
        Shoals |   7711 |   7554 |    157 |   1677 |   4242 |   4 | 1927.8 |
     Snake Pit |   9222 |   8422 |    800 |    938 |   5567 |   4 | 2305.5 |
  Orcish Mines |   2738 |   2478 |    260 |    743 |   1037 |   2 | 1369.0 |
   Elven Halls |   8309 |   7837 |    472 |   3541 |   2683 |   3 | 2769.7 |
        Vaults |  14564 |  12723 |   1841 |   1605 |   8172 |   5 | 2912.8 |
         Crypt |   7943 |   7181 |    762 |   1152 |   4276 |   3 | 2647.7 |
          Tomb |   1648 |   1491 |    157 |    300 |    700 |   1 | 1648.0 |
        Depths |   8980 |   7601 |   1379 |    850 |   4917 |   4 | 2245.0 |
          Hell |   1207 |   1195 |     12 |    387 |    390 |   1 | 1207.0 |
           Zot |  12826 |  12081 |    745 |   5174 |   4687 |   5 | 2565.2 |
      Ziggurat |    961 |    961 |      0 |    363 |    136 |   7 |  137.3 |
         Trove |    404 |    404 |      0 |      0 |    178 |   1 |  404.0 |
      Ice Cave |    145 |    145 |      0 |     89 |      0 |   1 |  145.0 |
        Wizlab |   5051 |   5051 |      0 |   3614 |    413 |   1 | 5051.0 |
      Gauntlet |    999 |    999 |      0 |    430 |    253 |   1 |  999.0 |
               +--------+--------+--------+--------+--------+-----+--------+

Top non-repeatable levels by time:
   Zot:5: 7143 daAuts
   Elf:3: 6114 daAuts
  WizLab: 5051 daAuts
 Crypt:3: 4073 daAuts
Vaults:2: 3505 daAuts
Vaults:5: 3463 daAuts
 Snake:3: 3187 daAuts
Vaults:1: 3111 daAuts
 Snake:4: 2985 daAuts
Depths:4: 2906 daAuts
     D:2: 2768 daAuts
Vaults:4: 2746 daAuts
Shoals:4: 2633 daAuts
Depths:3: 2389 daAuts
 Crypt:1: 2332 daAuts

Table legend:
 A = Kills in this place as a percentage of kills in the entire game.
 B = Kills by you in this place as a percentage of kills by you in the entire game.
 C = Kills by friends in this place as a percentage of kills by friends in the entire game.
 D = Other kills in this place as a percentage of other kills in the entire game.
 E = Experience gained in this place as a percentage of experience gained in the entire game.
 F = Experience gained in this place divided by the number of levels of this place that you have seen.
                   A       B       C       D       E      F
               +-------+-------+-------+-------+-------+----------------------
         Total | 100.0 | 100.0 | 100.0 | 100.0 | 100.0 | 25132.9
       Dungeon |  18.6 |  17.8 |  30.8 |  27.0 |   7.6 | 8113.1
          Lair |   6.2 |   5.3 |   0.0 |  17.1 |   3.5 | 11338.6
        Shoals |   6.1 |   5.5 |   0.0 |  13.3 |   5.0 | 19965.5
     Snake Pit |   6.6 |   6.0 |   0.0 |  13.3 |   5.4 | 21682.0
  Orcish Mines |   3.7 |   3.8 |   0.0 |   2.4 |   0.9 | 7191.0
   Elven Halls |   6.0 |   6.1 |   0.0 |   4.7 |   5.7 | 30733.0
        Vaults |  15.2 |  15.9 |   7.7 |   8.1 |  18.5 | 59547.6
         Crypt |   8.9 |   9.6 |   0.0 |   0.9 |   8.3 | 44627.3
          Tomb |   2.6 |   2.8 |   0.0 |   0.0 |   3.0 | 47824.0
        Depths |   8.7 |   9.1 |   0.0 |   4.3 |  12.2 | 49084.2
          Hell |   3.2 |   3.4 |   0.0 |   0.9 |   3.8 | 60436.0
           Zot |   9.5 |   9.8 |  30.8 |   4.7 |  20.6 | 66343.8
      Ziggurat |   1.7 |   1.8 |   0.0 |   0.0 |   2.1 | 4863.7
      Ice Cave |   0.2 |   0.1 |   0.0 |   0.5 |   0.0 | 646.0
        Wizlab |   2.5 |   2.4 |  30.8 |   1.9 |   3.2 | 50853.0
      Gauntlet |   0.4 |   0.4 |   0.0 |   0.9 |   0.2 | 3462.0
               +-------+-------+-------+-------+-------+----------------------
